 Dungeon Crawl Stone Soup version 0.29-a0-1008-g949cc1d0fb (webtiles) character file.

Game seed: 6855356963677934345

796 Manisian the Caller (level 7, -1/38 HPs)
             Began as a Tengu Summoner on Aug 7, 2022.
             Killed by an exploding themself (33 damage)
             ... ignited by their inner flame
             ... on level 5 of the Dungeon.
             The game lasted 00:13:37 (5324 turns).

Manisian the Caller (Tengu Summoner)                Turns: 5324, Time: 00:13:38

Health: -1/38      AC:  3    Str:  9    XL:     7   Next: 89%
Magic:  9/15       EV: 19    Int: 17    God:
Gold:   179        SH:  0    Dex: 14    Spells: 2/15 levels left

rFire   . . .      SeeInvis .   g - +0 spear
rCold   . . .      Faith    .   (no shield)
rNeg    . . .      Spirit   .   a - +1 robe
rPois   .          Reflect  .   (helmet restricted)
rElec   .          Harm     .   (no cloak)
rCorr   .          Rampage  .   (no gloves)
Will    .....                   (boots unavailable)
Stlth   ++........              (no amulet)
HPRegen 0.12/turn               f - +4 ring of evasion
MPRegen 0.14/turn               (no ring)

@: flying quickly and evasively, quick
A: beak, talons 3, nimble flight
a: no special abilities


You were on level 5 of the Dungeon.
You visited 2 branches of the dungeon, and saw 6 of its levels.

You collected 179 gold pieces.

Inventory:

Hand Weapons
 g - a +0 spear (weapon)
Armour
 a - a +1 robe (worn)
 n - an orb of wrath
Jewellery
 f - a +4 ring of evasion (left hand)
Wands
 q - a wand of polymorph (4)
Scrolls
 c - a scroll of vulnerability
Potions
 b - a potion of magic
 d - 2 potions of curing
 e - a potion of flight
 h - a potion of heal wounds
 i - 4 potions of lignification
 m - 2 potions of degeneration
 o - a potion of berserk rage


   Skills:
 + Level 1.1 Fighting
 + Level 2.4 Polearms
 + Level 3.2 Dodging
 + Level 3.5 Stealth
 + Level 0.2 Unarmed Combat
 + Level 4.7 Spellcasting
 + Level 0.5 Hexes
 + Level 7.8 Summonings
 + Level 0.5 Air Magic


You had 2 spell levels left.
You knew the following spells:

 Your Spells              Type           Power      Damage    Failure   Level
a - Summon Small Mammal   Summ           100%       N/A       1%          1
b - Call Imp              Summ           30%        N/A       1%          2
c - Call Canine Familiar  Summ           30%        N/A       1%          3
d - Summon Guardian Gole  Hex/Summ       18%        N/A       8%          3
e - Summon Lightning Spi  Summ/Air       18%        N/A       26%         4

Your spell library contained the following spells:

 Spells                   Type           Power      Damage    Failure   Level
 Sandblast                Erth           6%         2d5       14%         1
 Passwall                 Tmut/Erth      2%         N/A       22%         2
 Mephitic Cloud           Conj/Pois/Air  4%         N/A       38%         3
 Conjure Flame            Conj/Fire      3%         6-21      41%         3
 Ignite Poison            Fire/Tmut/Pois 3%         N/A       41%         3
 Stone Arrow              Conj/Erth      6%         3d7       41%         3
 Sticky Flame             Conj/Fire      3%         2d3       82%         4
 Freezing Cloud           Conj/Ice/Air   2%         6-21      98%         5


Dungeon Overview and Level Annotations

Branches:
Dungeon (5/15)             Temple (1/1) D:4

Altars:
Ashenzari
Cheibriados
Elyvilon
Fedhas
Hepliaklqana
Kikubaaqudgha
Makhleb
Nemelex Xobeh
Okawaru
Trog
Uskayaw
Vehumet
Wu Jian
Xom
Yredelemnul
The Shining One


Innate Abilities, Weirdness & Mutations

You have a beak for a mouth.
You have claws for feet.
Your magical nature lets you fly swiftly and evasively.


Message History

Your quokka dies!
Your quokka's corpse disappears in a puff of smoke!
Your bat disappears in a puff of smoke!
You now have 179 gold pieces (gained 12).
A centaur comes into view.
A centaur is nearby!
Casting: Summon Small Mammal (safe; 1% risk of failure)
Confirm with . or Enter, or press ? or * to list all spells.
A guardian golem appears, shielding your allies.
The centaur shouts!
The centaur wields a +0 shortbow.
The centaur shoots an arrow.
The arrow hits your guardian golem but does no damage.
Casting: Summon Guardian Golem (dangerous; 8% risk of failure)
Confirm with . or Enter, or press ? or * to list all spells.
The spell is extremely dangerous to miscast (26% risk of failure)!
Continue anyway?
An electric hum fills the air.
The centaur shoots an arrow.
The arrow hits your guardian golem.
The centaur shoots an arrow.
The arrow hits your guardian golem.
The centaur unwields a +0 shortbow.
The centaur hits your guardian golem but does no damage.
The centaur kicks your guardian golem but does no damage.
The centaur wields a +0 shortbow.
The centaur shoots an arrow.
The arrow hits your guardian golem but does no damage.
Unknown command.
The centaur shoots an arrow.
The arrow hits your guardian golem!
Your guardian golem overheats!
Unknown command.
The centaur shoots an arrow.
The arrow hits your guardian golem! Flame seeps out of your guardian golem.
The centaur shoots an arrow.
The arrow barely misses your guardian golem.
The arrow hits you.
Your guardian golem is engulfed in blazing flames.
Flame seeps out of your guardian golem.
You reach to attack!
You barely miss the centaur.
The centaur shoots an arrow.
The arrow hits your guardian golem!
Your guardian golem disappears in a puff of smoke!
Your guardian golem explodes!
The fiery explosion engulfs you!!
Ouch! That really hurt!
You die...

.........#
......
######..######
###.###
.######........
#.##≈
.........######
#.##≈
.######.##
#...≈ #.# #.###
#8# # ## #.# ..
#@# ##
#§○c..... .
######### #


You could see a centaur (ally target) and a friendly lightning spire (summoned,
sheltered).

Vanquished Creatures
  A jelly (D:4)
  3 hounds
  2 iguanas (D:5)
  An adder (D:5)
  2 orcs
  3 endoplasms
  3 goblins
  A hobgoblin (D:1)
  3 kobolds
  2 quokkas (D:5)
  A ball python (D:4)
  A bat (D:2)
  A rat (D:1)
24 creatures vanquished.

Vanquished Creatures (collateral kills)
  A necrophage (D:5)
  A scorpion (D:4)
  2 jellies
  2 hounds
  An orc priest (D:4)
  Jessica (D:2)
  Natasha (thrice) (D:3)
  2 adders
  2 dart slugs
  5 orcs
  A ball python (D:4)
  5 endoplasms
  A giant cockroach (D:2)
  3 goblins
  4 hobgoblins
  A jackal (D:1)
  6 bats
  2 frilled lizards
  A kobold (D:2)
  4 rats
48 creatures vanquished.

Vanquished Creatures (others)
  An orc warrior (D:3)
  A howler monkey (D:4)
  An adder (D:4)
  5 plants
8 creatures vanquished.

Grand Total: 80 creatures vanquished

Notes
Turn   | Place    | Note
-------+----------+-------------------------------------------
     0 | D:1      | Manisian the Tengu Summoner began the quest for the Orb.
     0 | D:1      | Reached XP level 1. HP: 10/10 MP: 4/4
   113 | D:1      | Reached skill level 5 in Summonings
   132 | D:1      | Reached XP level 2. HP: 7/15 MP: 3/6
   475 | D:1      | Learned a level 2 spell: Call Imp
  1221 | D:2      | Reached XP level 3. HP: 19/19 MP: 5/7
  1225 | D:2      | Learned a level 3 spell: Call Canine Familiar
  1276 | D:2      | Found a faded altar of an unknown god.
  1679 | D:2      | Noticed Jessica
  1694 | D:2      | Killed Jessica
  1695 | D:2      | Reached XP level 4. HP: 21/24 MP: 2/9
  2381 | D:3      | Noticed Natasha
  2387 | D:3      | Killed Natasha
  2388 | D:3      | Reached skill level 6 in Summonings
  2396 | D:3      | Noticed Natasha
  2403 | D:3      | Killed Natasha
  2404 | D:3      | Gained mutation: Your magical nature lets you fly swiftly
                  | and evasively. [Tengu growth]
  2404 | D:3      | Reached XP level 5. HP: 22/28 MP: 3/10
  2493 | D:3      | Learned a level 3 spell: Summon Guardian Golem
  2511 | D:3      | Noticed Natasha
  2535 | D:3      | Killed Natasha
  2611 | D:3      | Noticed an orc warrior
  2644 | D:3      | Killed an orc warrior
  2645 | D:3      | Reached XP level 6. HP: 33/33 MP: 2/12
  2944 | D:4      | Found a sparkling altar of Nemelex Xobeh.
  3116 | D:4      | Reached skill level 1 in Polearms
  3116 | D:4      | Reached skill level 7 in Summonings
  3517 | D:4      | Reached XP level 7. HP: 31/37 MP: 7/14
  3535 | D:4      | Learned a level 4 spell: Summon Lightning Spire
  3661 | D:4      | Found a staircase to the Ecumenical Temple.
  4188 | D:4      | Reached skill level 1 in Fighting
  4362 | Temple   | Entered the Ecumenical Temple
  4546 | D:5      | Entered Level 5 of the Dungeon
  5324 | D:5      | Killed by an exploding themself... ignited by their inner
                  | flame

Illustrated notes

Levels and vault maps discovered:
D:1:      wander_arrival_fairy_ring, layout_basic, st_stairs_14,
          minmay_three_crescents
D:2:      layout_rooms, ebering_ecumenical_altar_rust, uniq_jessica
D:3:      layout_basic, uniq_natasha
D:4:      layout_loops_ring, nemelex_xobeh_ov_fountains_minmay,
          minmay_temple_entry_gardened_gates, minmay_misc_feat_rows
D:5:      layout_basic, grunt_temple_overflow_gold_and_silver, serial_rivers,
          chequers_serial_rivers_small_3, chequers_serial_rivers_micro_e,
          chequers_serial_rivers_small_b, chequers_serial_rivers_micro_e,
          uniq_blork_the_orc
Temple:   nicolae_temple_superstar

Skill      XL: |  1  2  3  4  5  6  7 |
---------------+----------------------+-----
Summonings     | 5 6 7 |  7.8
Spellcasting   | 3 4 |  4.7
Polearms       | 1 2 |  2.4
Stealth        | 3 |  3.5
Fighting       | 1 |  1.1
Dodging        | 3 |  3.2
Unarmed Combat | |  0.2
Hexes          | |  0.5
Air Magic      | |  0.5

Action                   |  1- 3 |  4- 6 |  7- 9 || total
-------------------------+-------+-------+-------++-------
Melee: Unarmed           |    24 |       |       ||    24
       Kick              |     3 |     4 |    23 ||    30
       Peck              |     2 |     6 |    11 ||    19
       Spear             |       |    44 |    84 ||   128
       Punch             |       |       |     1 ||     1
 Cast: Summon Small Mamm |    43 |     8 |    13 ||    64
       Call Imp          |     6 |     6 |     5 ||    17
       Call Canine Famil |     1 |     6 |     1 ||     8
       Summon Guardian G |       |     3 |     5 ||     8
       Summon Lightning  |       |       |     2 ||     2
  Use: Scroll            |     4 |     4 |     7 ||    15
       Potion            |     2 |       |       ||     2
 Stab: Distracted        |     1 |     2 |     1 ||     4
       Sleeping          |       |     4 |     2 ||     6
Armor: Robe              |    24 |     6 |     8 ||    38
Dodge: Dodged            |    57 |    19 |    56 ||   132

Table legend: (Time is in decaauts)
 A = Elapsed time spent in this place.
 B = Non-inter-level travel time spent in this place.
 C = Inter-level travel time spent in this place.
 D = Time resting spent in this place.
 E = Time spent auto-exploring this place.
 F = Levels seen in this place.
 G = Mean time per level.
                   A        B        C        D        E       F      G
               +--------+--------+--------+--------+--------+-----+--------+
         Total |   5213 |   5035 |    178 |     61 |   4018 |   6 |  868.8 |
       Dungeon |   5070 |   4956 |    114 |     61 |   3953 |   5 | 1014.0 |
        Temple |    143 |     80 |     63 |      0 |     64 |   1 |  143.0 |
               +--------+--------+--------+--------+--------+-----+--------+

Top non-repeatable levels by time:
     D:4: 1383 daAuts
     D:1: 1129 daAuts
     D:3: 929 daAuts
     D:2: 874 daAuts
     D:5: 753 daAuts
  Temple: 143 daAuts
